 Dungeon Crawl Stone Soup version 0.26-a0-818-g75db068ed4 (webtiles) character file.

Game seed: 10880061290510338868

248 marklar909 the Magician (level 5, -7/39 HPs)
             Began as a Draconian Hedge Wizard on Nov 14, 2020.
             Was an Initiate of Vehumet.
             Killed by divine providence
             ... invoked by an orc priest
              (15 damage)
             ... on level 4 of the Dungeon.
             The game lasted 00:07:09 (4841 turns).

marklar909 the Magician (Draconian Hedge Wizard)    Turns: 4841, Time: 00:07:10

Health: -7/39      AC:  7    Str: 12    XL:     5   Next: 86%
Magic:  7/11       EV: 12    Int: 15    God:    Vehumet [......]
Gold:   237        SH:  3    Dex: 11    Spells: 4/12 levels left

rFire    . . .     SeeInvis .     - Unarmed
rCold    . . .     Faith    .   o - +0 buckler
rNeg     . . .     Spirit   .   (armour unavailable)
rPois    .         Reflect  .   b - +0 hat
rElec    .         Harm     .   (no cloak)
rCorr    .         Rampage  .   p - +1 pair of gloves
MR       .....                  (no boots)
Stlth    ++........             d - amulet of magic regeneration
HPRegen  0.13/turn              (no ring)
MPRegen  0.37/turn              (no ring)

@: no status effects
A: unfitting armour, cold-blooded, AC +5
a: Renounce Religion


You were on level 4 of the Dungeon.
You worshipped Vehumet.
Vehumet was noncommittal.
You visited 1 branch of the dungeon, and saw 4 of its levels.

You collected 237 gold pieces.

Inventory:

Armour
 b - a +0 hat (worn)
 o - a +0 buckler (worn)
 p - a +1 pair of gloves (worn)
Jewellery
 d - an amulet of magic regeneration (around neck)
 j - an uncursed ring of wizardry {unknown}
 k - an uncursed amulet of regeneration {unknown}
 q - a cursed amulet of inaccuracy {unknown}
Scrolls
 c - a scroll of enchant weapon {unknown}
 f - 5 scrolls of identify {unknown}
 g - 3 scrolls of remove curse {unknown}
 h - 2 scrolls of noise {unknown}
 r - a scroll of fog {unknown}
 t - a scroll of fear {unknown}
 u - a scroll of enchant armour {unknown}
 v - a scroll of teleportation {unknown}
 w - a scroll of blinking {unknown}
Potions
 a - a potion of lignification {unknown}
 e - 2 potions of flight
 i - a potion of mutation {unknown}
 l - a potion of ambrosia {unknown}
 m - a potion of attraction {unknown}
 n - a potion of curing
 s - a potion of haste


   Skills:
 + Level 0.9 Fighting
 + Level 3.0 Dodging
 + Level 2.2 Stealth
 + Level 1.4 Unarmed Combat
 + Level 4.0 Spellcasting
 + Level 2.0 Conjurations
 * Level 1.9 Summonings
 * Level 1.3 Translocations
 * Level 0.5 Air Magic
 * Level 0.9 Poison Magic


You had 4 spell levels left.
You knew the following spells:

 Your Spells              Type           Power        Failure   Level
a - Magic Dart            Conj           #...         13%         1
b - Blink                 Tloc           N/A          26%         2
c - Call Imp              Summ           #.......     21%         2
d - Mephitic Cloud        Conj/Pois/Air  #.......     50%         3

Your spell library contained the following spells:

 Spells                   Type           Power        Failure   Level
 Slow                     Hex            #.......     41%         2
 Conjure Flame            Conj/Fire      #.......     52%         3


Dungeon Overview and Level Annotations

Branches:
Dungeon (4/15)             Temple (0/1) D:4

Altars:
Fedhas
Gozag
Vehumet

Annotations:
D:3 2 transporters, marklar909's ghost, weakling DrTm


Innate Abilities, Weirdness & Mutations

Your plain brown scales are hard. (AC +5)
You cannot fit into any form of body armour.
You are cold-blooded and may be slowed by cold attacks.


Message History

You aren't carrying any items that you can evoke.
Unknown command.
Casting: Magic Dart (safe; 13% risk of failure)
Confirm with . or Enter, or press ? or * to list all spells.
A beastly little devil appears in a puff of flame.
An orc comes into view. It is wielding a +0 club.
Your crimson imp blinks!
Unknown command.
The orc wizard barely misses you.
Your crimson imp hits the orc wizard.
The orc wizard barely misses you.
Your crimson imp blinks!
The orc wizard hits you with a +1 dagger of speed.
* * * LOW HITPOINT WARNING * * *
Your crimson imp misses the orc wizard.
The orc wizard closely misses you.
Your crimson imp blinks!
Your crimson imp blinks!
Your crimson imp hits the orc wizard.
The orc priest invokes the aid of Beogh against you.
Beogh smites you!
You die...

##########
#.=......#
#........########
####..[5...o@.......
..........5###..###
#....)...§o##.. ...
### ###..§...o.....
.
..#####.......o.$#.#
..........5.....#..#
#.####.....)....#.#.
#.# #.####..####.#
#.# #.# #).....o..


You could see 2 orc priests, an orc wizard (fast), an orc and 3 friendly crimson
imps.

Vanquished Creatures
  A bullfrog skeleton (D:4)
  A worker ant (D:3)
  An adder (D:3)
  A worm (D:3)
  A dart slug (D:1)
  3 leopard geckos
  An orc (D:3)
  8 bats
  6 giant cockroaches
  7 goblins
  6 hobgoblins
  4 jackals (D:2)
  3 quokkas (D:2)
  A ball python (D:1)
  8 frilled lizards
  16 kobolds
  2 leopard gecko skeletons
  8 rats
78 creatures vanquished.

Vanquished Creatures (collateral kills)
  Purgy (D:4)
  Jessica (D:1)
  A worker ant (D:3)
  An adder (D:3)
  2 orcs (D:4)
  A hobgoblin (D:1)
  A rat (D:1)
8 creatures vanquished.

Vanquished Creatures (others)
  6 plants (D:3)
6 creatures vanquished.

Grand Total: 92 creatures vanquished

Notes
Turn   | Place    | Note
-------+----------+-------------------------------------------
     0 | D:1      | marklar909 the Draconian Hedge Wizard began the quest for
                  | the Orb.
     0 | D:1      | Reached XP level 1. HP: 14/14 MP: 4/4
   374 | D:1      | Reached XP level 2. HP: 20/20 MP: 3/6
  1107 | D:1      | Reached XP level 3. HP: 26/26 MP: 5/8
  1152 | D:1      | Learned a level 2 spell: Blink
  1155 | D:1      | Learned a level 2 spell: Call Imp
  1383 | D:2      | Noticed Jessica
  1430 | D:1      | Killed Jessica
  1895 | D:2      | Learned a level 3 spell: Mephitic Cloud
  2135 | D:2      | Found an opulent altar of Gozag.
  2214 | D:2      | Reached XP level 4. HP: 34/34 MP: 6/9
  2590 | D:2      | Found a radiant altar of Vehumet.
  2715 | D:2      | Became a worshipper of Vehumet
  2908 | D:3      | Identified the +7 halberd of Kesmushru {venom, +Inv rC-
                  | rN+++ Int+5}
  3181 | D:3      | Found a blossoming altar of Fedhas.
  3361 | D:3      | Noticed marklar909's ghost (weakling DrTm)
  3377 | D:3      | Found a transporter.
  3383 | D:3      | Found a transporter.
  3459 | D:4      | Reached XP level 5. HP: 33/39 MP: 7/10
  3840 | D:4      | Noticed Purgy
  3920 | D:3      | Reached skill level 1 in Unarmed Combat
  4405 | D:4      | Killed Purgy
  4406 | D:4      | Reached skill level 4 in Spellcasting
  4754 | D:4      | Found a staircase to the Ecumenical Temple.
  4841 | D:4      | Killed from afar by an orc priest

Illustrated notes

Levels and vault maps discovered:
D:1:      nicolae_arrival_memento_mori, layout_loops_corners,
          minmay_misc_feat_more_columns, serial_bayou_crossing
D:2:      layout_rooms, lemuel_round_altar, marbit_many_paths, uniq_jessica
D:3:      layout_rooms, old_standard_altar, gammafunk_ghost_gnarly_gnolls,
          hangedman_decor_lopped
D:4:      layout_rooms, minmay_temple_entry_butterflies, gammafunk_ghost_arena,
          uniq_purgy

Skill      XL: |  1  2  3  4  5 |
---------------+----------------+-----
Stealth        | 2 |  2.2
Dodging        | 2 3 |  3.0
Unarmed Combat | 1 |  1.4
Spellcasting   | 4 |  4.0
Conjurations   | 2 |  2.0
Fighting       | |  0.9
Summonings     | |  1.9
Translocations | |  1.3
Air Magic      | |  0.5
Poison Magic   | |  0.9

Action                   |  1- 3 |  4- 6 || total
-------------------------+-------+-------++-------
Melee: Unarmed           |    48 |    50 ||    98
       Tailslap          |     4 |     8 ||    12
 Cast: Magic Dart        |   105 |   144 ||   249
       Call Imp          |     4 |    15 ||    19
       Blink             |     3 |     2 ||     5
  Use: Potion            |       |     3 ||     3
Armor: Skin              |    31 |    84 ||   115
Dodge: Dodged            |    85 |   134 ||   219
Block: Buckler           |       |    17 ||    17

Table legend: (Time is in decaauts)
 A = Elapsed time spent in this place.
 B = Non-inter-level travel time spent in this place.
 C = Inter-level travel time spent in this place.
 D = Time resting spent in this place.
 E = Time spent auto-exploring this place.
 F = Levels seen in this place.
 G = Mean time per level.
                   A        B        C        D        E       F      G
               +--------+--------+--------+--------+--------+-----+--------+
         Total |   4856 |   4696 |    160 |   1574 |   2374 |   4 | 1214.0 |
       Dungeon |   4856 |   4696 |    160 |   1574 |   2374 |   4 | 1214.0 |
               +--------+--------+--------+--------+--------+-----+--------+

Top non-repeatable levels by time:
     D:1: 1884 daAuts
     D:3: 1380 daAuts
     D:2: 988 daAuts
     D:4: 602 daAuts
